 Dungeon Crawl Stone Soup version 0.27-a0-984-g00e00afbbc (webtiles) character file.

Game seed: 17007190258422744883

13433 Froggeryz the Cleaver (level 12, -2/94 HPs)
             Began as a Formicid Fighter on Apr 15, 2021.
             Was a High Priest of Okawaru.
             Slain by an elephant (11 damage)
             ... on level 1 of the Lair of Beasts.
             The game lasted 00:13:41 (12700 turns).

Froggeryz the Cleaver (Formicid Fighter)           Turns: 12700, Time: 00:13:41

Health: -2/94      AC: 15    Str: 26    XL:     12   Next: 32%
Magic:  15/15      EV: 10    Int:  8    God:    Okawaru [*****.]
Gold:   541        SH: 12    Dex: 12    Spells: 11/11 levels left

rFire    . . .     SeeInvis +   l - +4 hand axe (venom)
rCold    . . .     Faith    .   c - +0 kite shield
rNeg     . . .     Spirit   .   F - +0 scale mail of Oily New Discoveries {rElec Dex+2}
rPois    .         Reflect  .   (helmet unavailable)
rElec    +         Harm     .   (no cloak)
rCorr    .         Rampage  .   u - +0 pair of gloves
Will     +....                  y - +0 pair of boots {Stlth+}
Stlth    +.........             (no amulet)
HPRegen  0.25/turn              r - +4 ring of protection
MPRegen  0.14/turn              H - ring of flight

@: flying, studying Stealth
A: permanent stasis, dig shafts and tunnels, antennae 3, four strong arms
a: Dig, Shaft Self, Renounce Religion, Heroism, Finesse


You were on level 1 of the Lair of Beasts.
You worshipped Okawaru.
Okawaru was extremely pleased with you.
You visited 3 branches of the dungeon, and saw 10 of its levels.

You collected 541 gold pieces.

Inventory:

Hand Weapons
 a - a +1 war axe
 l - a +4 hand axe of venom (weapon)
 G - a +0 broad axe
Missiles
 m - 41 poisoned darts
 s - 5 atropa-tipped darts
 B - 11 curare-tipped darts
 D - 7 silver javelins
 E - 8 javelins (quivered)
Armour
 c - a +0 kite shield (worn)
 f - a +0 tower shield
 u - a +0 pair of gloves (worn)
 y - a +0 pair of boots of stealth (worn)
 F - the +0 scale mail of Oily New Discoveries (worn) {rElec Dex+2}
   (Okawaru gifted it to you on level 8 of the Dungeon)

   It affects your dexterity (+2).
   It insulates you from electricity.
Jewellery
 b - a ring of ice
 h - a ring of fire
 r - a +4 ring of protection (left hand)
 H - a ring of flight (right hand)
Wands
 q - a wand of flame (23)
 w - a wand of iceblast (6)
Scrolls
 g - 2 scrolls of fog
 i - 5 scrolls of amnesia
 v - a scroll of torment {unknown}
 x - 4 scrolls of identify
 C - a scroll of brand weapon {unknown}
Potions
 d - a potion of might
 e - a potion of curing
 k - a potion of magic
 n - a potion of resistance
 o - 2 potions of degeneration {unknown}
 p - a potion of ambrosia {unknown}
 t - a potion of attraction
 z - a potion of mutation {unknown}
 A - a potion of flight {unknown}
 I - a potion of lignification {unknown}


   Skills:
 + Level 8.5 Fighting
 * Level 13.7 Axes
 + Level 8.5 Armour
 - Level 9.0 Shields
 - Level 5.1 Invocations


You had 11 spell levels left.
You didn't know any spells.
Your spell library contained the following spells:

 Spells                   Type           Power      Damage    Failure   Level
 Corona                   Hex            0%         N/A       65%         1
 Foxfire                  Conj/Fire      0%         2x1d4     65%         1
 Ensorcelled Hibernation  Hex/Ice        0%         N/A       80%         2
 Confusing Touch          Hex            0%         N/A       95%         3
 Conjure Flame            Conj/Fire      0%         6-21      95%         3
 Dazzling Flash           Conj/Hex       0%         N/A       95%         3
 Inner Flame              Hex/Fire       0%         N/A       95%         3
 Tukima's Dance           Hex            0%         N/A       95%         3
 Sticky Flame             Conj/Fire      0%         2d3       100%        4
 Fireball                 Conj/Fire      0%         3d3       100%        5


Dungeon Overview and Level Annotations

Branches:
Dungeon (8/15)             Temple (1/1) D:4            Lair (1/6) D:8

Altars:
Ashenzari
Cheibriados
Dithmenos
Elyvilon
Fedhas
Gozag
Hepliaklqana
Kikubaaqudgha
Makhleb
Nemelex Xobeh
Okawaru
Qazlal
Ru
Sif Muna
Trog
Uskayaw
Wu Jian
Xom
The Shining One


Innate Abilities, Weirdness & Mutations

You cannot be hasted, slowed, berserked, paralysed or teleported.
You can dig through walls and to a lower floor.
You have a pair of large antennae on your head. (SInv)
Your four strong arms can wield two-handed weapons with a shield.


Message History

You hit the elephant.
The elephant is moderately wounded.
You hit the elephant.
The elephant is moderately wounded.
The elephant tramples you!
* * * LOW HITPOINT WARNING * * *
You hold your ground!
The elephant trunk-slaps you but does no damage.
You hit the elephant.
The elephant is moderately wounded.
The elephant barely misses you. The elephant trunk-slaps you.
* * * LOW HITPOINT WARNING * * *
You hit the elephant.
The elephant looks as sick as possible!
The elephant is heavily wounded.
You hit the elephant but do no damage.
The elephant looks as sick as possible!
The elephant is heavily wounded.
The elephant tramples you.
* * * LOW HITPOINT WARNING * * *
You hold your ground!
The elephant trunk-slaps you but does no damage.
You slash the elephant!
The elephant is heavily wounded.
You block the elephant's attack. x2
You hit the elephant.
The elephant looks as sick as possible!
The elephant is severely wounded.
You slash the elephant!
The elephant looks as sick as possible!
The elephant is severely wounded.
The elephant tramples you but does no damage.
The elephant trunk-slaps you but does no damage.
You hit the elephant.
The elephant looks as sick as possible!
The elephant is almost dead.
You hit the elephant but do no damage.
The elephant looks as sick as possible!
The elephant is almost dead.
The elephant tramples you.
* * * LOW HITPOINT WARNING * * *
You hold your ground!
You block the elephant's attack.
You hit the elephant but do no damage.
The elephant looks as sick as possible!
The elephant is almost dead.
The elephant tramples you!
You die...

###.....##
##.#..#..Y....
###....###.#.......####
##....####.....######
##....###......##.P#
##....#...#........
##......###.>.....
##....## ##......
##Y#....# ###..##
#@##....### #...#
#######...####.#..
##...........
#.#..........
####.........
#.######## ### #


You could see an elephant (extremely poisoned).

Vanquished Creatures
  Sonja (Lair:1)
  A wolf spider (D:8)
  An ugly thing (D:8)
  5 elephants (Lair:1)
  A cane toad (Lair:1)
  Maggie (D:7)
  A komodo dragon (shapeshifter) (D:8)
  A freezing wraith (D:8)
  A komodo dragon (Lair:1)
  A hornet (D:8)
  2 trolls
  Grinder (D:5)
  3 wyverns (D:8)
  2 basilisks
  15 yaks
  2 steam dragons (D:8)
  An acid dragon (D:8)
  7 water moccasins
  Duvessa (D:5)
  A sky beast (D:8)
  2 hornet zombies (D:8)
  8 orc warriors
  2 ogres (D:5)
  6 centaurs
  A phantom (D:5)
  A kobold brigand (D:7)
  10 bullfrogs
  Dowan (D:5)
  3 scorpions
  A water moccasin skeleton (D:5)
  6 wights (D:8)
  6 electric eels (D:8)
  3 howler monkeys
  A centaur zombie (D:7)
  A hound (D:5)
  A gnoll shaman (D:7)
  5 orc priests
  2 jellies (D:6)
  7 iguanas
  7 orc wizards
  3 killer bee zombies
  A hound skeleton (D:3)
  A howler monkey skeleton (D:2)
  3 gnolls (D:7)
  4 adders
  2 white imps (D:6)
  An ufetubus (D:4)
  2 worms
  3 dart slugs (D:3)
  18 orcs
  8 endoplasms
  4 giant cockroaches
  6 goblins
  11 hobgoblins
  6 jackals
  8 kobolds
  2 quokkas
  7 ball pythons
  7 bats
  4 frilled lizards
  9 rats
233 creatures vanquished.

Vanquished Creatures (others)
  An orc (D:8)
  5 bushes (D:8)
  8 fungi
  42 plants
56 creatures vanquished.

Grand Total: 289 creatures vanquished

Notes
Turn   | Place    | Note
-------+----------+-------------------------------------------
     0 | D:1      | Froggeryz the Formicid Fighter began the quest for the Orb.
     0 | D:1      | Reached XP level 1. HP: 18/18 MP: 1/1
   154 | D:1      | Reached XP level 2. HP: 18/24 MP: 2/2
   460 | D:1      | Reached XP level 3. HP: 26/29 MP: 3/3
   698 | D:1      | Reached skill level 3 in Axes
   959 | D:1      | Found a faded altar of an unknown god.
  1319 | D:2      | Reached XP level 4. HP: 10/35 MP: 4/4
  2181 | D:2      | Reached skill level 4 in Axes
  2477 | D:3      | Reached XP level 5. HP: 41/41 MP: 5/5
  3348 | D:4      | Reached skill level 5 in Shields
  3348 | D:4      | Reached XP level 6. HP: 5/47 MP: 6/6
  3629 | D:4      | Found a staircase to the Ecumenical Temple.
  3675 | Temple   | Entered the Ecumenical Temple
  3742 | Temple   | Became a worshipper of Warmaster Okawaru
  4001 | D:4      | Reached skill level 5 in Axes
  4279 | D:5      | Entered Level 5 of the Dungeon
  4579 | D:5      | Reached XP level 7. HP: 52/52 MP: 7/7
  4591 | D:5      | Reached skill level 6 in Axes
  4595 | D:5      | Reached * piety under Okawaru
  4720 | D:5      | Noticed Grinder
  4723 | D:5      | Noticed Dowan
  4729 | D:5      | Noticed Duvessa
  4739 | D:5      | Killed Duvessa
  4743 | D:5      | Killed Dowan
  4744 | D:5      | Reached skill level 7 in Axes
  4744 | D:5      | Reached XP level 8. HP: 45/58 MP: 8/8
  4750 | D:5      | Killed Grinder
  4750 | D:5      | Reached ** piety under Okawaru
  5102 | D:5      | Reached skill level 8 in Axes
  5457 | D:6      | Noticed a troll
  5473 | D:6      | Killed a troll
  5474 | D:6      | Reached XP level 9. HP: 43/64 MP: 7/9
  5678 | D:6      | Reached skill level 9 in Axes
  5855 | D:6      | Reached *** piety under Okawaru
  6731 | D:6      | Reached skill level 10 in Axes
  7160 | D:7      | Noticed Maggie
  7172 | D:7      | Killed Maggie
  7226 | D:7      | Found a stormy altar of Qazlal.
  7496 | D:7      | Reached **** piety under Okawaru
  7702 | D:7      | Found an ornate altar of the Wu Jian Council.
  7703 | D:7      | Found a shimmering altar of Xom.
  7704 | D:7      | Found a hide-covered altar of Uskayaw.
  7763 | D:7      | Found a blossoming altar of Fedhas.
  7850 | D:7      | Reached XP level 10. HP: 53/72 MP: 10/10
  8556 | D:8      | Reached skill level 11 in Axes
  8684 | D:8      | Reached skill level 5 in Fighting
  8684 | D:8      | Reached skill level 5 in Armour
  8712 | D:8      | Noticed a freezing wraith
  8749 | D:8      | Killed a freezing wraith
  8749 | D:8      | Received a gift from Okawaru
  9102 | D:8      | Reached skill level 1 in Invocations
  9515 | D:8      | Found a broken altar of Ashenzari.
  9588 | D:8      | Reached ***** piety under Okawaru
  9939 | D:8      | Found a staircase to the Lair.
  9959 | D:8      | Reached XP level 11. HP: 62/81 MP: 12/12
  9963 | D:8      | Reached skill level 12 in Axes
 10044 | D:8      | Noticed a wolf spider
 10051 | D:8      | Killed a wolf spider
 10051 | D:8      | Identified the +0 scale mail of Oily New Discoveries {rElec
                  | Dex+2} (Okawaru gifted it to you on level 8 of the Dungeon)
 10051 | D:8      | Received a gift from Okawaru
 10815 | D:8      | Noticed a white ugly thing
 10839 | D:8      | Killed a white ugly thing
 11046 | D:8      | Found a sparkling altar of Nemelex Xobeh.
 11356 | D:8      | Reached skill level 5 in Invocations
 11470 | Lair:1   | Entered Level 1 of the Lair of Beasts
 11470 | Lair:1   | Noticed Sonja
 11474 | Lair:1   | Killed Sonja
 11475 | Lair:1   | Reached skill level 13 in Axes
 11501 | Lair:1   | Identified the +7 trident of Joal {vorpal, rPois rF+ Str+6
                  | Dex-3}
 11751 | Lair:1   | Reached XP level 12. HP: 38/92 MP: 15/15
 12494 | Lair:1   | Identified the +1 leather armour of the Sunfish {rPois rC+
                  | Dex+4}
 12700 | Lair:1   | Slain by an elephant

Illustrated notes

Levels and vault maps discovered:
D:1:      eino_arrival_cavern_a, layout_basic,
          shapermc_ecumenical_altar_notcrosses, kennysheep_boxes
D:2:      layout_loops_ring, grunt_ministairs_5, minivault_25
D:3:      layout_loops_ring
D:4:      layout_rooms, minmay_temple_entry_tees
D:5:      layout_loops_cross, uniq_grinder, uniq_duvessa
D:6:      layout_cave_pods, amcnicky_mini_pool_medium
D:7:      layout_loops_corners, fedhas_altar_2, overflow_temple_1_default,
          chequers_temple_overflow_statue_of_worship, uniq_maggie
D:8:      nzn_winding_woodlands_large [nzn_winding_woodlands_5x5_cross,
          nzn_winding_woodlands_5x15_longhouse,
          nzn_winding_woodlands_5x5_checkerboard,
          nzn_winding_woodlands_center_lodge,
          nzn_winding_woodlands_15x15_eel_pit,
          nzn_winding_woodlands_center_garden,
          nzn_winding_woodlands_5x5_closed_star,
          nzn_winding_woodlands_5x15_twine, nzn_winding_woodlands_5x5_three],
          layout_basic, nemelex_xobeh_ov_fountains_minmay,
          cheibrodos_ashenzari_chains, minmay_lair_entry_grove
Temple:   zaba_magenta_temple
Lair:1:   layout_concentric_octagons, uniq_sonja

Skill      XL: |  1  2  3  4  5  6  7  8  9 10 11 12 |
---------------+-------------------------------------+-----
Shields        | 4 5 6 8 9 |  9.0
Axes           | 3 4 5 7 8 10 11 13 | 13.7
Fighting       | 4 6 7 8 |  8.5
Armour         | 4 6 7 8 |  8.5
Invocations    | 2 5 |  5.1

Action                   |  1- 3 |  4- 6 |  7- 9 | 10-12 || total
-------------------------+-------+-------+-------+-------++-------
Melee: War axe           |   106 |   180 |   228 |   164 ||   678
       Hand axe          |       |       |       |   355 ||   355
Throw: Dart              |       |       |     2 |       ||     2
       Javelin           |       |       |       |     1 ||     1
Invok: Heroism           |       |       |     2 |     4 ||     6
 Abil: Dig               |       |       |     1 |     6 ||     7
Evoke: Wand              |       |       |     7 |    16 ||    23
  Use: Scroll            |       |    10 |     2 |       ||    12
       Potion            |       |     1 |     4 |     4 ||     9
Armor: Scale mail        |    64 |    76 |    57 |   145 ||   342
Dodge: Dodged            |    32 |    59 |    68 |   100 ||   259
Block: Kite shield       |    76 |   110 |   114 |   219 ||   519

Table legend: (Time is in decaauts)
 A = Elapsed time spent in this place.
 B = Non-inter-level travel time spent in this place.
 C = Inter-level travel time spent in this place.
 D = Time resting spent in this place.
 E = Time spent auto-exploring this place.
 F = Levels seen in this place.
 G = Mean time per level.
                   A        B        C        D        E       F      G
               +--------+--------+--------+--------+--------+-----+--------+
         Total |  12712 |  12361 |    351 |   2296 |   8173 |  10 | 1271.2 |
       Dungeon |  11447 |  11135 |    312 |   2093 |   7330 |   8 | 1430.9 |
        Temple |     84 |     45 |     39 |      0 |     43 |   1 |   84.0 |
          Lair |   1180 |   1180 |      0 |    203 |    800 |   1 | 1180.0 |
               +--------+--------+--------+--------+--------+-----+--------+

Top non-repeatable levels by time:
     D:8: 3163 daAuts
     D:6: 1676 daAuts
     D:1: 1520 daAuts
     D:5: 1195 daAuts
  Lair:1: 1180 daAuts
     D:7: 1090 daAuts
     D:2: 1024 daAuts
     D:4: 924 daAuts
     D:3: 852 daAuts
  Temple: 84 daAuts
